 Dungeon Crawl Stone Soup version 0.23-a0-208-gb6b040f (webtiles) character file.

1376 grindst0ne the Fighter (level 8, -1/78 HPs)
             Began as a Demigod Wanderer on Sept 25, 2018.
             Slain by a wight
             ... wielding a +6 scimitar
              (14 damage)
             ... on level 6 of the Dungeon.
             The game lasted 00:10:40 (7690 turns).

grindst0ne the Fighter (Demigod Wanderer)           Turns: 7690, Time: 00:10:40

Health: -1/78      AC:  8    Str: 20      XL:     8   Next: 16%
Magic:  11/11      EV:  7    Int: 15      God:
Gold:   380        SH:  0    Dex: 13 (15) Spells: 7/7 levels left

rFire    . . .     SeeInvis .   a - +2 trident (venom)
rCold    . . .     Gourm    .   (no shield)
rNeg     + . .     Faith    .   q - +0 chain mail
rPois    .         Spirit   .   x - +1 helmet
rElec    .         Reflect  .   (no cloak)
rCorr    .         Harm     .   y - +0 pair of gloves
MR       .....                  (no boots)
Stlth    ..........             (no amulet)
HPRegen  0.23/turn              h - ring of positive energy
MPRegen  0.12/turn              (no ring)

@: very slightly contaminated, drained
A: deformed body, dopey 1, high mp 1, screaming 1, strong 1
a: no special abilities


You were on level 6 of the Dungeon.
You were not hungry.

You visited 1 branch of the dungeon, and saw 6 of its levels.

You collected 380 gold pieces.

Inventory:

Hand Weapons
 a - a +2 trident of venom (weapon)
 b - a +2 hand crossbow
 c - a +0 shortbow
Missiles
 d - 89 arrows
 i - 30 bolts
Armour
 q - a +0 chain mail (worn)
 r - a +0 buckler
 x - a +1 helmet (worn)
 y - a +0 pair of gloves (worn)
Jewellery
 h - a ring of positive energy (left hand)
Scrolls
 e - 3 scrolls of teleportation
 j - a scroll of fear {unknown}
 k - 4 scrolls of remove curse
 l - a scroll of fog {unknown}
 n - a scroll of noise {unknown}
 o - a scroll of amnesia {unknown}
 p - 2 scrolls of magic mapping {unknown}
 t - 2 scrolls of identify {unknown}
 v - a scroll of enchant weapon {unknown}
 w - a scroll of random uselessness {unknown}
Potions
 m - a potion of curing
Comestibles
 g - 8 rations


   Skills:
 + Level 9.1(8.4) Fighting
   Level 1.7(1.2) Axes
 - Level 3.0(2.4) Crossbows
 - Level 1.0(0.4) Throwing
 - Level 3.0(2.4) Armour
   Level 1.0(0.4) Evocations


You had 7 spell levels left.
You didn't know any spells.
Your spell library was empty.

Dungeon Overview and Level Annotations

Branches:
Dungeon (6/15)             Temple (0/1) D:4

Shops:
D:5 *

Annotations:
D:3 1 runed door, Nib's ghost, amateur CeHu


Innate Abilities, Weirdness & Mutations

You have an increased reservoir of magic. (+10% MP)
Armour fits poorly on your strangely shaped body.
You are dopey. (Int -2)
You occasionally shout uncontrollably at your foes.
Your muscles are strong. (Str +2)


Message History

You flicker back into view.
The wight barely misses you.
The wight hits you with an enchanted scimitar.
* * * LOW HITPOINT WARNING * * *
You partially resist.
You feel drained. The wight hits you but does no damage.
You feel better.
The wight hits you with an enchanted scimitar.
* * * LOW HITPOINT WARNING * * *
The wight hits you with a flail.
* * * LOW HITPOINT WARNING * * *
There is an escape hatch in the floor here.
You see here a scroll labeled NUTWIDDOUL.
You feel better.
The wight hits you with an enchanted scimitar!
* * * LOW HITPOINT WARNING * * *
You partially resist.
You feel drained.
You hit the wight.
The wight is severely damaged.
The wight hits you with an enchanted scimitar!
You die...

...........# #.#(#..
##...####..# #......
#.........# #())..#
#...####.## #.#(#.#
#...# #.####.#z#.#
##..(# #.......>#.##
.....# #######.#z...#
.....# #.......###z.#
.....# #.####...@zz.#
.....###.####.#####.#
............#.# ...
.....###......# ####
.a...# #......##
####.###....##.#
........##.## #
.######.#.# #..#


You could see 3 wights.

Vanquished Creatures
  2 ice beasts
  An orc warrior (D:6)
  A sky beast (D:6)
  An ogre (D:5)
  2 big kobolds (D:5)
  A bullfrog (D:6)
  A scorpion (D:6)
  A wight (D:6)
  2 howler monkeys (D:6)
  A jelly (D:6)
  3 orc wizards (D:5)
  A hound (D:6)
  An orc priest (D:5)
  A bullfrog skeleton (D:6)
  An iguana (D:5)
  2 worker ants (D:6)
  A hound zombie (D:4)
  3 gnolls (D:3)
  10 adders
  A shadow imp (D:5)
  An adder skeleton (D:4)
  3 worms
  A dart slug (D:3)
  A leopard gecko (D:1)
  20 orcs
  6 giant cockroaches
  7 hobgoblins
  8 jackals
  A quokka (D:2)
  8 bats
  6 frilled lizards
  3 goblins (D:2)
  19 kobolds
  A leopard gecko skeleton (D:5)
  A quokka skeleton (D:4)
  11 rats
134 creatures vanquished.

Vanquished Creatures (others)
  A wight (D:6)
1 creature vanquished.

Grand Total: 135 creatures vanquished

Notes
Turn   | Place    | Note
-------+----------+-------------------------------------------
     0 | D:1      | grindst0ne the Demigod Wanderer began the quest for the
                  | Orb.
     0 | D:1      | grindst0ne set off with: a +2 hand crossbow, 24 bolts, a +0
                  | shortbow, 22 arrows, a scroll of teleportation, a +0 robe,
                  | a ration
     0 | D:1      | Reached XP level 1. HP: 16/16 MP: 3/3
   976 | D:1      | Reached XP level 2. HP: 14/23 MP: 5/5
  1564 | D:2      | Reached skill level 2 in Fighting
  1564 | D:2      | Reached XP level 3. HP: 19/29 MP: 6/6
  2476 | D:2      | Reached XP level 4. HP: 26/37 MP: 7/7
  2944 | D:3      | Reached skill level 3 in Fighting
  3071 | D:3      | Found a shadowy altar of Dithmenos.
  3620 | D:3      | Found a stormy altar of Qazlal.
  3639 | D:3      | Reached XP level 5. HP: 22/46 MP: 8/8
  3844 | D:3      | Found a runed door.
  3847 | D:3      | Noticed Nib's ghost (amateur CeHu)
  4063 | D:3      | Noticed a moth of wrath
  4065 | D:3      | Found a bloodstained altar of Trog.
  4109 | D:3      | Reached skill level 4 in Fighting
  4475 | D:4      | Found a staircase to the Ecumenical Temple.
  4819 | D:5      | Entered Level 5 of the Dungeon
  4904 | D:5      | Noticed an ogre
  5179 | D:5      | Reached skill level 5 in Fighting
  5179 | D:5      | Reached XP level 6. HP: 21/56 MP: 9/9
  5476 | D:5      | Found Likoc's Assorted Antiques.
  5646 | D:5      | Reached skill level 6 in Fighting
  6000 | D:5      | Found a blossoming altar of Fedhas.
  6021 | D:5      | Reached XP level 7. HP: 44/64 MP: 10/10
  6530 | D:6      | Reached skill level 7 in Fighting
  6637 | D:6      | Gained mutation: You occasionally shout uncontrollably at
                  | your foes. [potion of mutation]
  6637 | D:6      | Gained mutation: Armour fits poorly on your strangely
                  | shaped body. [potion of mutation]
  6637 | D:6      | Gained mutation: You are dopey. (Int -2) [potion of
                  | mutation]
  6637 | D:6      | Gained mutation: Your muscles are strong. (Str +2) [potion
                  | of mutation]
  6994 | D:6      | Reached skill level 8 in Fighting
  7298 | D:6      | Reached XP level 8. HP: 73/75 MP: 11/11
  7678 | D:6      | Reached skill level 9 in Fighting
  7690 | D:6      | Slain by a wight

Vault maps used:
D:1:      matt_arrival_diagonals
D:2:      minmay_door_path, serial_glass, glass_columns_c, glass_columns_a,
          item_on_display_a, minmay_strange_pillars
D:3:      nicolae_dithmenos_shadow_blocks, marbit_many_paths, tgw_trog,
          ebering_ghost_reflecting_pool
D:4:      minmay_temple_entry_trees, serial_bayou_pond_d
D:5:      cheibrodos_thug_alley, first_ration, serial_shops, shop_statue,
          minmay_misc_feat_five, fedhas_altar_fruit_tree
D:6:      uniq_prince_ribbit1

Skill      XL: |  1  2  3  4  5  6  7  8 |
---------------+-------------------------+-----
Crossbows      | 2 3 |  3.0
Armour         | 3 |  3.0
Fighting       | 2 3 5 6 8 9 |  9.1
Axes           | |  1.7
Throwing       | |  1.0
Evocations     | |  1.0

Action                   |  1- 3 |  4- 6 |  7- 9 || total
-------------------------+-------+-------+-------++-------
Melee: Short sword       |    20 |       |       ||    20
       Dagger            |    13 |       |       ||    13
       Mace              |    16 |    17 |       ||    33
       War axe           |    55 |    85 |       ||   140
       Trident           |       |   122 |   113 ||   235
 Fire: Hand crossbow     |    33 |    16 |     6 ||    55
  Use: Potion            |       |       |     8 ||     8
       Scroll            |       |       |     1 ||     1
 Stab: Sleeping          |     2 |       |       ||     2
  Eat: Chunk             |     5 |     9 |     4 ||    18
       Ration            |       |     1 |       ||     1
Armor: Robe              |    22 |       |       ||    22
       Ring mail         |    31 |    90 |       ||   121
       Scale mail        |       |     6 |    30 ||    36
       Chain mail        |       |       |    20 ||    20
Dodge: Dodged            |    90 |   164 |    55 ||   309

Table legend:
 A = Non-vault XP
 B = Vault XP
 C = Vault XP percentage of total XP
 D = Non-vault monster count
 E = Vault monster count
 F = Vault count percentage of total count
                 A         B        C        D         E       F
            +---------+---------+-------+---------+---------+-------
      Total |    1739 |     228 |  11.6 |     114 |      21 |  15.6
            +---------+---------+-------+---------+---------+-------
        D:1 |      15 |       0 |   0.0 |       9 |       0 |   0.0
        D:2 |     113 |       7 |   5.8 |      29 |       4 |  12.1
        D:3 |     119 |      12 |   9.2 |      29 |       6 |  17.1
        D:4 |      61 |       0 |   0.0 |      10 |       0 |   0.0
        D:5 |     450 |     209 |  31.7 |      12 |      11 |  47.8
        D:6 |     981 |       0 |   0.0 |      25 |       0 |   0.0
            +---------+---------+-------+---------+---------+-------
